 Dungeon Crawl Stone Soup version 0.30-a0-134-gb40fab5c76 (webtiles) character file.

Game seed: 15996577146718166611

89151 Flugkiller the Warrior (level 16, -10/137 HPs)
             Began as a Formicid Hunter on Sept 20, 2022.
             Was a Follower of Uskayaw.
             Mangled by a catoblepas (25 damage)
             ... on level 15 of the Dungeon.
             The game lasted 00:35:27 (19975 turns).

Flugkiller the Warrior (Formicid Hunter)           Turns: 19975, Time: 00:35:27

Health: -10/137    AC: 14    Str: 16    XL:     16   Next: 43%
Magic:  24/24      EV: 30    Int: 22    God:    Uskayaw [*.....]
Gold:   2345       SH:  0    Dex: 35    Spells: 15/15 levels left

rFire   . . .      SeeInvis +    u - +6 trident of Dissolution {freeze, Dex+5}
rCold   + . .      Faith    .    (no shield)
rNeg    . . .      Spirit   .    I - +0 troll leather armour
rPois   .          Reflect  .    (helmet unavailable)
rElec   +          Harm     .    f - +0 cloak
rCorr   +          Rampage  +    H - +2 pair of gloves of Negation {rElec rC+ Int+5 Dex+4}
Will    +....                    o - +2 pair of boots
Stlth   +++.......               Q - amulet "Jiseo" {Rampage Regen+ Int+6 Dex+3}
HPRegen 1.92/turn                j - +4 ring of slaying
MPRegen 0.19/turn                G - ring of resist corrosion

@: no status effects
A: permanent stasis, dig shafts and tunnels, antennae 3, four strong arms,
screaming 1
a: Dig, Shaft Self, Renounce Religion, Stomp


You were on level 15 of the Dungeon.
You worshipped Uskayaw.
Uskayaw was aware of your devotion.
You visited 2 branches of the dungeon, and saw 20 of its levels.
You also visited: Gauntlet.

You collected 2475 gold pieces.
You spent 130 gold pieces at shops.

Inventory:

Hand Weapons
 c - the +10 great sword of the Pit {flame, rC- Str+4 Dex+4}
   (You found it on level 8 of the Dungeon)

   It burns those it strikes, dealing additional fire damage.
   Big, fiery blades are also staple armaments of hydra-hunters.
   Str:       It affects your strength (+4).
   Dex:       It affects your dexterity (+4).
   rC:        It makes you vulnerable to cold.
 u - the +6 trident of Dissolution (weapon) {freeze, Dex+5}
   (You found it on level 3 of the Dungeon)

   It freezes those it strikes, dealing additional cold damage.
   It can also slow down cold-blooded creatures.
   Dex:       It affects your dexterity (+5).
Missiles
 t - 2 throwing nets
 N - 2 curare-tipped darts
Armour
 f - a +0 cloak (worn)
   (You found it on level 1 of the Dungeon)
 o - a +2 pair of boots (worn)
   (You found it on level 7 of the Dungeon)
 x - a +2 pair of gloves of strength
   (You found it in a Gauntlet)
 B - a +2 leather armour of poison resistance
   (You took it off an orc on level 7 of the Dungeon)
 H - the +2 pair of gloves of Negation (worn) {rElec rC+ Int+5 Dex+4}
   (You found it on level 7 of the Dungeon)

   Int:       It affects your intelligence (+5).
   Dex:       It affects your dexterity (+4).
   rC:        It protects you from cold.
   rElec:     It insulates you from electricity.
 I - a +0 troll leather armour (worn)
   (You found it on level 9 of the Dungeon)
Jewellery
 j - a +4 ring of slaying (left hand)
   (You found it on level 2 of the Lair of Beasts)
 p - an amulet of faith
   (You found it on level 1 of the Dungeon)
 G - a ring of resist corrosion (right hand)
   (You found it on level 7 of the Dungeon)
 Q - the amulet "Jiseo" (around neck) {Rampage Regen+ Int+6 Dex+3}
   (You found it in a Gauntlet)

   [amulet of regeneration]

   Int:       It affects your intelligence (+6).
   Dex:       It affects your dexterity (+3).
   Regen:     It increases your rate of health regeneration.
   Rampage:   It bestows one free step when moving towards enemies.
Wands
 h - a wand of iceblast (22)
   (You took it off Maggie on level 7 of the Dungeon)
 w - a wand of light (8)
   (You found it on level 15 of the Dungeon)
 C - a wand of polymorph (9)
   (You found it on level 6 of the Dungeon)
 O - a wand of charming (29)
   (You found it on level 10 of the Dungeon)
 S - a wand of digging (9)
   (You found it on level 2 of the Lair of Beasts)
 V - a wand of mindburst (12)
   (You found it on level 3 of the Lair of Beasts)
 Y - a wand of flame (4)
   (You found it on level 5 of the Lair of Beasts)
Scrolls
 b - 3 scrolls of immolation
 i - 6 scrolls of poison
 l - 2 scrolls of fear
 r - 5 scrolls of identify
 s - 2 scrolls of fog
 v - 4 scrolls of magic mapping
 y - a scroll of amnesia
 F - 2 scrolls of enchant weapon
 J - a scroll of silence
 K - a scroll of acquirement
 L - a scroll of vulnerability
 M - a scroll of brand weapon
 P - a scroll of enchant armour
Potions
 d - 4 potions of might
 e - 2 potions of brilliance
 k - 3 potions of lignification
 m - 2 potions of magic
 n - a potion of resistance
 q - 10 potions of curing
 z - a potion of ambrosia
 A - 2 potions of attraction
 D - 3 potions of flight
 E - 3 potions of cancellation
 R - a potion of degeneration {unknown}
 T - a potion of invisibility
 X - 5 potions of mutation
Miscellaneous
 a - a phantom mirror (inert)
   (You found it on level 13 of the Dungeon)
 g - a phial of floods (inert)
   (You found it on level 13 of the Dungeon)


   Skills:
 + Level 15.6 Fighting
 - Level 10.0 Polearms
 - Level 5.3 Ranged Weapons
 + Level 12.5 Armour
 + Level 14.3 Dodging
 - Level 1.2 Stealth
 - Level 11.0 Invocations
 - Level 7.0 Evocations


You had 15 spell levels left.
You didn't know any spells.
Your spell library contained the following spells:

 Spells                   Type           Power      Damage    Failure   Level
 Apportation              Tloc           0%         N/A       19%         1
 Freeze                   Ice            0%         1d3       19%         1
 Necrotise                Necr           0%         1d4       19%         1
 Shock                    Conj/Air       0%         1d3       19%         1
 Summon Small Mammal      Summ           0%         N/A       19%         1
 Ozocubu's Armour         Ice            0%         N/A       50%         3
 Airstrike                Air            0%         2d(0-16)  88%         4
 Animate Armour           Summ/Erth      0%         N/A       88%         4
 Olgreb's Toxic Radiance  Pois           0%         N/A       88%         4
 Petrify                  Tmut/Erth      0%         N/A       88%         4
 Alistair's Intoxication  Tmut/Pois      0%         N/A       99%         5
 Blade Hands              Tmut           0%         N/A       99%         5
 Borgnjor's Vile Clutch   Necr/Erth      0%         N/A       99%         5
 Metabolic Englaciation   Hex/Ice        0%         N/A       99%         5
 Summon Forest            Summ/Tloc      0%         N/A       99%         5
 Summon Mana Viper        Hex/Summ       0%         N/A       99%         5
 Eringya's Noxious Bog    Tmut/Pois      0%         N/A       100%        6
 Iron Shot                Conj/Erth      0%         9d1       100%        6
 Statue Form              Tmut/Erth      0%         N/A       100%        6
 Summon Cactus Giant      Summ           0%         N/A       100%        6
 Ozocubu's Refrigeration  Ice            0%         4d7       100%        7
 Swiftness                Air            Unusable   N/A       N/A         3

Dungeon Overview and Level Annotations

Branches:
Dungeon (15/15) Zot: 26315  Temple (0/1) D:6            Lair (5/5) D:9 Zot: 24371
  Swamp (0/4) Lair:2       Spider (0/4) Lair:3        Slime (0/5) Lair:4
    Orc (0/2) D:11         Vaults (0/5) D:13         Depths (0/4) D:15
Gauntlet (visited)

Altars:
Cheibriados
Fedhas
Gozag
Nemelex Xobeh
Sif Muna
Trog
Uskayaw
Vehumet
Jiyva

Shops:
D:3 *?[   D:13 :

Portals:
Abyss: Lair:1

Annotations:
D:4 exclusion: 2 ogres
D:7 3 runed translucent doors, funkygono's ghost, amateur DsFE
Lair:1 2 transporters, Jaydwuh's ghost, novice MiBe
Lair:3 exclusion: oklob plant


Innate Abilities, Weirdness & Mutations

You cannot be hasted, slowed, berserked, paralysed or teleported.
You can dig through walls and to a lower floor.
You have a pair of large antennae on your head. (SInv)
Your four strong arms can wield two-handed weapons with a shield.
You occasionally shout uncontrollably at your foes.


Message History

The centaur warrior kicks you but does no damage.
You puncture the centaur warrior! You freeze the centaur warrior.
The centaur warrior is severely wounded.
The centaur warrior completely misses you.
The centaur warrior kicks you but does no damage.
The catoblepas breathes a plume of calcifying dust at you.
The blast of calcifying dust hits you but does no damage.
The centaur warrior barely misses you.
The centaur warrior completely misses you.
You can now pass through a line of other dancers.
You hit the centaur warrior. You freeze the centaur warrior.
The centaur warrior is severely wounded.
You are engulfed in calcifying dust.
You are slowing down.
The centaur warrior hits you.
The centaur warrior kicks you but does no damage.
The centaur warrior attacks as you move away!
The centaur warrior hits you.
The centaur warrior kicks you but does no damage.
The catoblepas closely misses you.
The centaur warrior is engulfed in calcifying dust.
The centaur warrior is moving more slowly.
The centaur warrior misses you. The centaur warrior closely misses you.
Your limbs are stiffening.
Unknown command.
The centaur warrior is engulfed in calcifying dust.
The centaur warrior stops moving altogether!
The catoblepas breathes a plume of calcifying dust at you.
The blast of calcifying dust hits you but does no damage.
The centaur warrior is engulfed in calcifying dust.
You have turned to stone.
You are engulfed in calcifying dust.
The catoblepas breathes a plume of calcifying dust at you.
The blast of calcifying dust hits you but does no damage.
You are engulfed in calcifying dust.
The catoblepas breathes a plume of calcifying dust at you.
The blast of calcifying dust hits you.
You can no longer pass through a line of other dancers.
You are engulfed in calcifying dust.
The catoblepas breathes a plume of calcifying dust at you.
The blast of calcifying dust hits you.
You are engulfed in calcifying dust.
The catoblepas barely misses you.
You are engulfed in calcifying dust.
The catoblepas stomps with a crash on the ground.
The catoblepas gores you!
You are engulfed in calcifying dust.
The centaur warrior is no longer petrified.
The catoblepas breathes a plume of calcifying dust at you.
The blast of calcifying dust hits you but does no damage.
The catoblepas gores you! The catoblepas gores you.
You turn to flesh and can move again.
You puncture the catoblepas! You freeze the catoblepas.
The catoblepas is lightly wounded.
The catoblepas breathes a plume of calcifying dust at you.
The blast of calcifying dust hits you!
You puncture the catoblepas! You freeze the catoblepas.
The catoblepas is moderately wounded.
You are engulfed in calcifying dust.
You are slowing down.
The catoblepas attacks as you move away!
The catoblepas gores you!! The catoblepas closely misses you.
Your limbs are stiffening.
Unknown command.
You hit the catoblepas. You freeze the catoblepas.
The catoblepas is moderately wounded.
A boulder beetle comes into view.
The catoblepas gores you!!
You have turned to stone.
The catoblepas gores you but does no damage.
The catoblepas gores you!!
The boulder beetle curls into a ball and begins rolling!
The catoblepas gores you!
The catoblepas breathes a plume of calcifying dust at you.
The blast of calcifying dust hits you. The boulder beetle hits you!!
The boulder beetle stops rolling and uncurls.
You are engulfed in calcifying dust.
The catoblepas gores you!! The boulder beetle bites you!
You are engulfed in calcifying dust.
The catoblepas gores you!!
* * * LOW HITPOINT WARNING * * *
The boulder beetle bites you!
* * * LOW HITPOINT WARNING * * *
You are engulfed in calcifying dust.
The catoblepas breathes a plume of calcifying dust at you.
The blast of calcifying dust hits you!
* * * LOW HITPOINT WARNING * * *
The boulder beetle waves its antennae.
The boulder beetle bites you!
* * * LOW HITPOINT WARNING * * *
You are engulfed in calcifying dust.
The catoblepas gores you but does no damage.
The boulder beetle bites you!
* * * LOW HITPOINT WARNING * * *
You are engulfed in calcifying dust.
The catoblepas gores you!
* * * LOW HITPOINT WARNING * * *
The boulder beetle bites you but does no damage.
You turn to flesh and can move again.
You hit the catoblepas. You freeze the catoblepas.
The catoblepas is moderately wounded.
The catoblepas gores you!!
You die...

,,,,,****,*,****,* *,***,,*,,,...
,,,,,,* **,** *,* *,,,,,,#,**.##
**,,,** *** ##,*******,*#.*#.##
**,** #.,,,,,* *,##.##.## *,*
*##.,***,* *,,....... *,* #,..,*
*,* ***#.#.### **+** ###.#.###*,#
#.#.### **,,,** #.......##.#
#...... *,,,,,** *,*,#.@B...#
###.### ,,,,,,,** *.*,###Y####
##.#.# #
,,,,,,,,***....##c########....###
,,,,,,,,+,.........ยงยง...........+
,,,,,,,,**#....##.########....###
,,,,,,,** #.#.,*#.# ###.#.# #
*,,,,,** *..,,,..# #.....# **,,,**
##**,#### #.##### **+** *,* #.#


You could see a catoblepas, a boulder beetle and a centaur warrior.

Vanquished Creatures
  Jorgrun (D:12)
  A minotaur (Gauntlet)
  An ogre mage (D:13)
  An ice dragon (Lair:5)
  6 hydras
  5 vault guards (D:13)
  4 boulder beetles
  4 catoblepae
  4 centaur warriors
  4 two-headed ogres
  4 death yaks
  Nergalle (D:11)
  Lodul (D:11)
  2 wizards
  A bog body (Lair:2)
  A deep elf archer (D:13)
  3 lindwurms
  An orc sorcerer (D:15)
  An orc knight (D:13)
  2 harpies
  2 deep elf zephyrmancers (D:15)
  An ugly thing (D:11)
  2 wolf spiders (Lair:3)
  6 manticores
  A shining eye (Gauntlet)
  Maurice (D:11)
  6 cyclopes
  14 elephants
  10 black mambas
  2 gargoyles (D:13)
  A centaur skeleton (D:15)
  2 yaktaurs (D:13)
  Maggie (D:7)
  14 cane toads
  3 kobold demonologists
  An unseen horror (D:10)
  6 torpor snails
  A tengu conjurer (D:13)
  4 rime drakes (Lair:5)
  An efreet (D:13)
  8 komodo dragons
  2 unseen horrors (shapeshifter) (D:13)
  A freezing wraith (D:13)
  8 trolls
  6 hornets
  3 meliai (D:14)
  4 tyrant leeches (Lair:5)
  27 blink frogs
  A wind drake (shapeshifter) (D:14)
  17 slime creatures
  A jumping spider (Lair:3)
  3 centaur simulacra
  A shadow (D:11)
  2 culicivoras (Lair:3)
  A vampire (D:11)
  2 golden eyes (Gauntlet)
  2 wraiths
  A fire bat (Lair:5)
  4 wyverns
  39 yaks
  A human (D:13)
  8 basilisks
  3 steam dragons
  A vampire mosquito (D:13)
  3 swamp worms (Gauntlet)
  4 acid dragons
  Duvessa (D:7)
  12 water moccasins
  A hydra simulacrum (Gauntlet)
  A swamp drake (D:9)
  A meliai simulacrum (D:13)
  5 orc warriors
  2 sky beasts
  7 ogres
  A tengu (Lair:5)
  3 boggarts (D:15)
  7 centaurs
  12 wolves
  A phantom (D:5)
  4 kobold brigands
  12 bullfrogs
  2 scorpions
  13 wights
  15 killer bees
  Dowan (D:7)
  3 howler monkeys
  3 hounds
  2 jellies
  2 gnoll boudas
  2 iguanas (D:5)
  Crazy Yiuf (D:7)
  9 orc priests
  12 orc wizards
  A hell rat (Lair:3)
  2 boggart simulacra (Gauntlet)
  Robin (D:2)
  11 gnolls
  6 river rats (Lair:3)
  8 adders
  A white imp (D:8)
  An ufetubus (D:4)
  5 dart slugs
  44 orcs
  5 bats
  7 endoplasms
  4 giant cockroaches
  12 goblins
  7 hobgoblins
  6 jackals
  18 kobolds
  3 quokkas
  3 ball pythons
  2 frilled lizards
  12 rats
574 creatures vanquished.

Vanquished Creatures (collateral kills)
  Louise (D:15)
  A necromancer (D:15)
  A centaur zombie (D:15)
3 creatures vanquished.

Vanquished Creatures (others)
  20 fungi
  41 plants
61 creatures vanquished.

Grand Total: 638 creatures vanquished

Notes
Turn   | Place    | Note
-------+----------+-------------------------------------------
     0 | D:1      | Flugkiller the Formicid Hunter began the quest for the Orb.
     0 | D:1      | Reached XP level 1. HP: 16/16 MP: 1/1
    70 | D:1      | Reached XP level 2. HP: 21/22 MP: 2/2
   381 | D:1      | Reached XP level 3. HP: 27/27 MP: 3/3
  1138 | D:2      | Reached skill level 5 in Ranged Weapons
  1199 | D:2      | Reached XP level 4. HP: 34/34 MP: 4/4
  1303 | D:2      | Noticed Robin
  1603 | D:2      | Killed Robin
  1604 | D:2      | Reached skill level 3 in Fighting
  1808 | D:3      | Identified the +6 trident of Dissolution {freeze, Dex+5}
  1897 | D:3      | Found Pogu's Armour Shop.
  1973 | D:3      | Noticed an ogre
  2001 | D:3      | Reached XP level 5. HP: 41/41 MP: 5/5
  2201 | D:3      | Found Ziduedd's Assorted Antiques.
  2207 | D:3      | Bought a moonstone ring for 110 gold pieces
  2501 | D:3      | Found Yxkyomm's Magic Scroll Shoppe.
  2512 | D:3      | Bought a scroll of identify for 20 gold pieces
  2718 | D:4      | Reached skill level 1 in Polearms
  2738 | D:4      | Found a sparkling altar of Nemelex Xobeh.
  2847 | D:4      | Noticed an ogre
  2979 | D:4      | Killed an ogre
  2980 | D:4      | Reached skill level 4 in Fighting
  2980 | D:4      | Reached XP level 6. HP: 48/48 MP: 6/6
  3103 | D:4      | Noticed an ogre
  3432 | D:4      | Reached XP level 7. HP: 55/55 MP: 7/7
  3527 | D:5      | Entered Level 5 of the Dungeon
  3894 | D:5      | Found a bloodstained altar of Trog.
  3895 | D:5      | Got the Encyclopedia of Friendly Impurities
  3969 | D:5      | Reached skill level 5 in Fighting
  4035 | D:5      | Found a hide-covered altar of Uskayaw.
  4035 | D:5      | Noticed a +0 dagger
  4036 | D:5      | Noticed a +0 dagger
  4066 | D:5      | Became a worshipper of Uskayaw the Reveller
  4160 | D:5      | Reached * piety under Uskayaw
  4161 | D:5      | Reached XP level 8. HP: 62/62 MP: 8/8
  4162 | D:5      | Reached ** piety under Uskayaw
  4295 | D:6      | Found a staircase to the Ecumenical Temple.
  4338 | D:6      | Reached *** piety under Uskayaw
  4339 | D:6      | Reached skill level 5 in Polearms
  4757 | D:6      | Reached skill level 1 in Evocations
  5394 | D:6      | Found a shimmering blue altar of Sif Muna.
  5779 | D:7      | Identified the +1 chain mail of Shadows and Fog {rF+}
  5780 | D:7      | Found a runed translucent gate.
  5780 | D:7      | Noticed funkygono's ghost (amateur DsFE)
  5922 | D:7      | Reached skill level 6 in Fighting
  5924 | D:7      | Noticed Maggie
  5926 | D:7      | Identified the +2 pair of gloves of Negation {rElec rC+
                  | Int+5 Dex+4}
  6007 | D:7      | Found a runed translucent gate.
  6008 | D:7      | Found a runed translucent gate.
  6027 | D:7      | Reached XP level 9. HP: 34/69 MP: 9/9
  6247 | D:7      | Reached skill level 5 in Dodging
  6251 | D:7      | Reached **** piety under Uskayaw
  6253 | D:7      | Reached skill level 1 in Invocations
  6453 | D:7      | Found a runed translucent door.
  6454 | D:7      | Noticed Crazy Yiuf
  6462 | D:7      | Killed Crazy Yiuf
  6466 | D:7      | Identified the +10 hammer "Orubb" {vorpal, rN+ Stlth+}
  6617 | D:7      | Noticed Dowan
  6620 | D:7      | Noticed Duvessa
  6629 | D:7      | Killed Duvessa
  6633 | D:7      | Killed Dowan
  6699 | D:7      | Found a radiant altar of Vehumet.
  6699 | D:7      | Found an opulent altar of Gozag.
  6699 | D:7      | Found a snail-covered altar of Cheibriados.
  7236 | D:8      | Reached ***** piety under Uskayaw
  7263 | D:8      | Reached skill level 5 in Invocations
  7376 | D:8      | Identified the +10 great sword of the Pit {flame, rC- Str+4
                  | Dex+4}
  7403 | D:8      | Found a blossoming altar of Fedhas.
  7462 | D:8      | Reached XP level 10. HP: 73/76 MP: 13/13
  7749 | D:9      | Reached ****** piety under Uskayaw
  7765 | D:9      | Reached skill level 5 in Evocations
  7937 | D:9      | Noticed a two-headed ogre
  7972 | D:9      | Killed a two-headed ogre
  7973 | D:9      | Reached skill level 7 in Fighting
  8351 | D:9      | Found a staircase to the Lair.
  8412 | D:7      | Killed Maggie
  8413 | D:7      | Reached XP level 11. HP: 77/84 MP: 16/16
  9086 | D:10     | Entered Level 10 of the Dungeon
  9317 | D:10     | Noticed a sixfirhy
  9667 | D:10     | Reached skill level 8 in Fighting
  9847 | D:11     | Noticed Maurice
  9863 | D:11     | Killed Maurice
  9968 | D:11     | Noticed a manticore
  9979 | D:11     | Killed a manticore
 10103 | D:11     | Reached skill level 9 in Fighting
 10161 | D:11     | Noticed Nergalle
 10188 | D:11     | Killed Nergalle
 10189 | D:11     | Reached skill level 10 in Dodging
 10256 | D:11     | Noticed Lodul
 10272 | D:11     | Reached skill level 10 in Fighting
 10279 | D:11     | Killed Lodul
 10280 | D:11     | Reached XP level 12. HP: 66/97 MP: 18/18
 10825 | D:11     | Identified a scroll of acquirement
 10844 | D:11     | Found a staircase to the Orcish Mines.
 10977 | Lair:1   | Entered Level 1 of the Lair of Beasts
 11276 | Lair:1   | Found a transporter.
 11279 | Lair:1   | Found a transporter.
 11289 | Lair:1   | Noticed Jaydwuh's ghost (novice MiBe)
 11525 | Lair:1   | Noticed a spriggan rider
 11537 | Lair:1   | Found a one-way gate to the infinite horrors of the Abyss.
 11542 | Lair:1   | Noticed a wretched star
 11662 | Lair:1   | Noticed a hell hog
 11726 | Lair:2   | Reached skill level 10 in Polearms
 11757 | Lair:2   | Got the Disquisition on Graupel
 11773 | Lair:2   | Reached skill level 1 in Armour
 11986 | Lair:2   | Noticed a boulder beetle
 12023 | Lair:2   | Killed a boulder beetle
 12112 | Lair:2   | Reached XP level 13. HP: 104/104 MP: 19/19
 12268 | Lair:2   | Found a staircase to the Swamp.
 12438 | Lair:2   | Reached skill level 11 in Fighting
 12727 | Lair:2   | Reached skill level 5 in Armour
 13703 | Lair:3   | Found a hole to the Spider Nest.
 14056 | Lair:4   | Noticed a catoblepas
 14068 | Lair:4   | Reached skill level 10 in Invocations
 14142 | Lair:4   | Killed a catoblepas
 14251 | Lair:4   | Reached skill level 12 in Fighting
 14395 | Lair:4   | Reached XP level 14. HP: 84/115 MP: 21/21
 14431 | Lair:4   | You fall into a shaft and drop 1 floor!
 14431 | Lair:5   | Entered Level 5 of the Lair of Beasts
 14745 | Lair:5   | Found a runed translucent door.
 15118 | Lair:5   | Reached skill level 13 in Fighting
 15750 | Lair:5   | Reached XP level 15. HP: 112/124 MP: 18/23
 16499 | Lair:4   | Reached skill level 10 in Armour
 16502 | Lair:4   | Found a viscous altar of Jiyva.
 16503 | Lair:4   | Found a staircase to the Slime Pits.
 16507 | Lair:4   | Identified the +0 robe of Todwutz {Str+7 Dex-3 Archmagi}
 16933 | D:12     | Reached skill level 14 in Fighting
 16961 | D:12     | Noticed Jorgrun
 16978 | D:12     | Killed Jorgrun
 17457 | D:13     | Identified the +9 mace of Accidental Termination {distort,
                  | rCorr MP+9 Int+4}
 18134 | D:13     | Found Sahetol's Book Shop.
 18359 | D:13     | Found a gate to the Vaults.
 18385 | D:13     | Reached skill level 15 in Fighting
 18475 | D:14     | Reached XP level 16. HP: 101/136 MP: 24/24
 18876 | D:14     | You fall into a shaft and drop 1 floor!
 18876 | D:15     | Entered Level 15 of the Dungeon
 18907 | D:15     | Found a gate leading to a gauntlet.
 18932 | Gauntlet | Entered a Gauntlet
 18932 | Gauntlet | Found a transporter.
 18932 | Gauntlet | Found a transporter.
 18932 | Gauntlet | Found a runed translucent door.
 18932 | Gauntlet | Found a runed translucent door.
 18932 | Gauntlet | Found a runed translucent door.
 18939 | Gauntlet | Found a runed translucent door.
 18950 | Gauntlet | Found a transporter.
 18954 | Gauntlet | Found a transporter.
 18962 | Gauntlet | Found a transporter.
 18966 | Gauntlet | Found a transporter.
 18973 | Gauntlet | Found a runed translucent door.
 18976 | Gauntlet | Found a transporter.
 18991 | Gauntlet | Found a transporter.
 19008 | Gauntlet | Found a transporter.
 19009 | Gauntlet | Found a transporter.
 19017 | Gauntlet | Found a transporter.
 19021 | Gauntlet | Found a transporter.
 19100 | Gauntlet | Gained mutation: You occasionally shout uncontrollably at
                  | your foes. [a shining eye]
 19196 | Gauntlet | Identified the amulet "Jiseo" {Rampage Regen+ Int+6 Dex+3}
 19607 | D:15     | Noticed Louise
 19638 | D:15     | Killed Louise
 19684 | D:15     | Found a staircase to the Depths.
 19975 | D:15     | Mangled by a catoblepas

Illustrated notes

Levels and vault maps discovered:
D:1:      scummos_arrival_hexagon, layout_basic, serial_park_tiny_2,
          minmay_misc_feat_diagonals, kennysheep_flooded_box,
          minmay_misc_feat_doors
D:2:      layout_rooms, chequers_decorated_corner, uniq_robin
D:3:      layout_loops_ring, serial_shops, shop_statue,
          nicolae_shop_hallway_plus, nicolae_shop_waterfront
D:4:      layout_rooms, mainiacjoe_overflow_catwalk
D:5:      layout_rooms, mainiacjoe_overflow_tiny_flanked,
          dancing_weapons_uskayaw, kennysheep_generic_room_13
D:6:      layout_layer_cave, led_sif_book, minmay_temple_entry_mist
D:7:      layout_cave_pods, gammafunk_temple_overflow_claw,
          biasface_ghost_orc_armoury, uniq_duvessa, uniq_maggie,
          uniq_crazy_yiuf_cottage
D:8:      layout_cave_pools, overflow_temple_1_default,
          hangedman_decor_slide_cut, kennysheep_generic_room_11
D:9:      layout_basic, lair_entry_dummy
D:10:     layout_irregular_city
D:11:     layout_loops_corners, david_orc_4, uniq_maurice, uniq_nergalle,
          uniq_lodul
D:12:     layout_rooms, uniq_jorgrun
D:13:     minmay_the_grid_triangle_9x9_recursive_2
          [minmay_the_grid_triangle_9x9_prize_center,
          minmay_the_grid_triangle_9x9_dagger,
          minmay_the_grid_triangle_9x9_shrine,
          minmay_the_grid_triangle_9x9_negative_grid], layout_gridville,
          grunt_vaults_entry_fortified, serial_shops, nicolae_shop_crystal
D:14:     layout_gridville, chequers_mini_garden
D:15:     grunt_enter_depths_magical_seal, layout_loops_corners,
          gauntlet_entry_generic, uniq_louise
Lair:1:   layout_chaotic_city, gammafunk_ghost_abyssal_escape
Lair:2:   layout_roguey, skrybe_swamp_entry_bodies, beast_lair_carwin_10
Lair:3:   layout_cave_pods, spider_nest_entry_funnel_web,
          kennysheep_abandoned_house, infiniplex_staircase_pool
Lair:4:   layout_long_grid, slime_entry_1, nicolae_lair_lil_pond,
          grunt_megastairs_2
Lair:5:   hangedman_lair_in_review, layout_regular_city, wormcave,
          nicolae_lair_grazing_beasts [nicolae_sub_lair_graze_edge,
          nicolae_sub_lair_graze_edge, nicolae_sub_lair_graze_edge,
          nicolae_sub_lair_graze_edge]

Skill      XL: |  1  2  3  4  5  6  7  8  9 10 11 12 13 14 15 16 |
---------------+-------------------------------------------------+-----
Ranged Weapons | 5 |  5.3
Fighting       | 3 4 5 6 7 10 12 13 15 | 15.6
Dodging        | 2 3 4 7 8 10 11 12 13 14 | 14.3
Polearms       | 2 3 4 6 10 | 10.0
Evocations     | 3 4 5 7 |  7.0
Invocations    | 5 6 8 10 11 | 11.0
Armour         | 3 6 9 11 12 | 12.5
Stealth        | |  1.2

Action                   |  1- 3 |  4- 6 |  7- 9 | 10-12 | 13-15 | 16-18 || total
-------------------------+-------+-------+-------+-------+-------+-------++-------
Melee: Trident           |       |     7 |   239 |   536 |  1016 |   210 ||  2008
       Punch             |       |       |     3 |     8 |    14 |       ||    25
 Fire: Shortbow          |    77 |   144 |       |       |       |       ||   221
Invok: Line Pass         |       |       |       |     1 |     3 |       ||     4
       Grand Finale      |       |       |       |     1 |       |       ||     1
       Stomp             |       |       |       |       |    13 |     3 ||    16
 Abil: Dig               |     1 |       |       |       |       |       ||     1
Evoke: Wand              |       |     1 |     1 |     3 |    19 |     2 ||    26
       Phial of floods   |       |       |       |       |     1 |     1 ||     2
       Phantom mirror    |       |       |       |       |       |     1 ||     1
  Use: Scroll            |       |    10 |     6 |    10 |     9 |     3 ||    38
       Potion            |       |     2 |       |     1 |     3 |     3 ||     9
 Stab: Sleeping          |       |       |     8 |     6 |    10 |     4 ||    28
       Paralysed         |       |       |    12 |    59 |    91 |    18 ||   180
       Distracted        |       |       |       |     2 |     1 |     2 ||     5
       Petrified         |       |       |       |       |     3 |       ||     3
       Confused          |       |       |       |       |     2 |       ||     2
       Petrifying        |       |       |       |       |     1 |       ||     1
       Invisible         |       |       |       |       |       |     3 ||     3
Armor: Leather armour    |     6 |    13 |    33 |     8 |       |       ||    60
       Skin              |       |     5 |       |       |       |       ||     5
       Troll leather arm |       |       |       |    65 |   135 |    50 ||   250
Dodge: Dodged            |    10 |    33 |   133 |   369 |   790 |   217 ||  1552

Table legend: (Time is in decaauts)
 A = Elapsed time spent in this place.
 B = Non-inter-level travel time spent in this place.
 C = Inter-level travel time spent in this place.
 D = Time resting spent in this place.
 E = Time spent auto-exploring this place.
 F = Levels seen in this place.
 G = Mean time per level.
                   A        B        C        D        E       F      G
               +--------+--------+--------+--------+--------+-----+--------+
         Total |  19799 |  18974 |    825 |   2695 |  10537 |  21 |  942.8 |
       Dungeon |  13785 |  13158 |    627 |   2065 |   7488 |  15 |  919.0 |
          Lair |   5628 |   5430 |    198 |    579 |   2948 |   5 | 1125.6 |
      Gauntlet |    385 |    385 |      0 |     51 |    100 |   1 |  385.0 |
               +--------+--------+--------+--------+--------+-----+--------+

Top non-repeatable levels by time:
  Lair:5: 1912 daAuts
     D:7: 1525 daAuts
     D:6: 1451 daAuts
     D:9: 1293 daAuts
     D:1: 1273 daAuts
    D:11: 1179 daAuts
    D:13: 1109 daAuts
     D:4: 1107 daAuts
  Lair:3: 1092 daAuts
  Lair:2: 1054 daAuts
     D:3: 888 daAuts
  Lair:4: 800 daAuts
    D:10: 781 daAuts
  Lair:1: 768 daAuts
    D:15: 683 daAuts
